AoeStats
← ScotiusMaximus

Arabia

504312260Analyzed
1v1 RM · 28d ago on Sep 4, 2026· 37m 31s· 2 players
Game mode
Random Map
Map size
Tiny (2 player)
Population
200
Speed
Normal
Resources
Standard
Victory
Conquest
Starting age
Dark Age
Ending age
Imperial Age
RankedLock teamsTeams togetherTeam positionsShared explorationLock speedFull tech treeHidden civsTurbo modeCheats
Victory
Defeat
🇨🇿 Lithuanians · Czechia
1107
+14
🇺🇸 Byzantines · United States
1063
-14
Pandaduongvat
6:04 Loom
9:29 Feudal Age
20:01 Castle Age
19:24 Horse Collar
19:30 Double-Bit Axe
20:34 Bloodlines
23:10 Heavy Plow
24:27 Forging
26:04 Husbandry
26:21 Scale Barding Armor
27:43 Iron Casting
28:18 Chain Barding Armor
32:32 Gold Mining
40:15 Imperial Age
ScotiusMaximus
7:19 Loom
10:05 Feudal Age
11:13 Man-at-Arms
17:44 Fletching
21:38 Wheelbarrow
21:07 Double-Bit Axe
25:42 Castle Age
23:52 Padded Archer Armor
25:41 Gold Mining
25:47 Crossbowman
26:29 Bodkin Arrow
29:07 Squires
30:31 Ballistics
31:13 Pikeman
31:56 Scale Mail Armor
32:28 Bow Saw
32:03 Horse Collar
33:47 Hand Cart
35:13 Forging
38:55 Imperial Age
Connection lost

Rejoining the realm…

Still unreachable

The connection could not be restored.

Session expired

The server has moved on; the page needs a fresh start.